[Event "Titled Tuesday Blitz August 08 Late 2023"]
[White "Henriquez Villagra, Cristobal"]
[Black "Urazayev, Arystanbek"]
[WhiteFideId "3409350"]
[BlackFideId "13709810"]
[WhiteElo "2863"]
[BlackElo "2759"]
[Result "1-0"]
[Round "10"]
[TimeControl "180+1"]
[Date "2023.08.08"]
[WhiteClock "0:00:23"]
[BlackClock "0:00:00"]
[Board "12"]

1. g3 d5 2. Bg2 Nf6 3. d3 e6 4. f4 Be7 5. Nh3 O-O 6. O-O b6 7. Nd2 Bb7 8. e4 dxe4 9. dxe4 Nbd7 10. Nf2 e5 11. f5 Nc5 12. g4 h6 13. Re1 Re8 14. Qf3 Nh7 15. b4 Nd7 16. Rb1 Bh4 17. Nf1 Ng5 18. Qc3 Nf6 19. Ng3 Qe7 20. b5 c5 21. Qc4 Rad8 22. c3 Rd7 23. a4 Red8 24. Rb2 Ne8 25. Qe2 Nh7 26. Rd2 Bg5 27. Rxd7 Rxd7 28. Rd1 Rxd1+ 29. Qxd1 Bxc1 30. Qxc1 Qd8 31. Nf1 Nef6 32. Qe3 a6 33. Nd2 axb5 34. axb5 Qa8 35. h3 Nf8 36. h4 Qa1+ 37. Kh2 Qc1 38. Bf3 N6d7 39. g5 hxg5 40. hxg5 f6 41. g6 Qb2 42. Be2 Kh8 43. Qh3+ Kg8 44. Bc4+ 1-0


[Site "https://www.chess.com"]

[Event "Titled Tuesday Blitz August 08 Late 2023"]
[White "Gadimbayli, Abdulla"]
[Black "Morefield, Jason"]
[WhiteFideId "13404938"]
[BlackFideId "30920825"]
[WhiteElo "2848"]
[BlackElo "2732"]
[Result "0-1"]
[Round "10"]
[TimeControl "180+1"]
[Date "2023.08.08"]
[WhiteClock "0:00:19"]
[BlackClock "0:00:05"]
[Board "13"]

1. e4 e5 2. Nf3 Nc6 3. Nc3 Nf6 4. d4 exd4 5. Nxd4 Bb4 6. Nxc6 bxc6 7. Bd3 O-O 8. O-O d5 9. exd5 Bg4 10. f3 Bh5 11. Bg5 Bxc3 12. bxc3 cxd5 13. Rb1 Qd6 14. Kh1 Nd7 15. Qd2 Bg6 16. Rfd1 Nb6 17. Be3 c5 18. Rb5 Rac8 19. Rdb1 Rfe8 20. h3 Qe7 21. Bg1 Nc4 22. Qc1 Bxd3 23. cxd3 Ne5 24. Qd2 a6 25. Rb6 Qd7 26. Rxa6 Nxf3 27. gxf3 Qxh3+ 28. Qh2 Qxf3+ 29. Qg2 Qxd3 30. Rab6 Re6 31. Rb8 Ree8 32. Rxc8 Rxc8 33. Qg4 Re8 34. Rf1 Qxf1 35. a4 Qd3 36. Qd7 Qe4+ 37. Kh2 Qe5+ 38. Kh1 Qe6 39. Qb5 d4 40. Qd3 dxc3 41. Qxc3 c4 42. a5 Rc8 43. Bb6 h6 44. Kg2 Qe4+ 45. Kf2 Qd5 46. Bd4 Rd8 47. Ke3 Re8+ 48. Kd2 Qg2+ 49. Kc1 Qf1+ 50. Kb2 Rb8+ 51. Bb6 Qf6 52. Qxf6 gxf6 53. Kc3 h5 54. Kxc4 h4 55. Kb5 h3 56. a6 h2 57. a7 Rxb6+ 0-1


[Site "https://www.chess.com"]

[Event "Titled Tuesday Blitz August 08 Late 2023"]
[White "Klukin, Kirill"]
[Black "Bauman_Guy"]
[WhiteFideId "24199273"]
[WhiteElo "2766"]
[BlackElo "2802"]
[Result "1-0"]
[Round "10"]
[TimeControl "180+1"]
[Date "2023.08.08"]
[WhiteClock "0:00:16"]
[BlackClock "0:00:00"]
[Board "14"]

1. d4 Nf6 2. Nf3 b6 3. e3 Bb7 4. Bd3 g6 5. b3 Bg7 6. Bb2 O-O 7. O-O d6 8. c4 Nbd7 9. Nbd2 Re8 10. Qc2 e5 11. dxe5 dxe5 12. Ne4 Nxe4 13. Bxe4 Bxe4 14. Qxe4 Nc5 15. Qc2 Qd3 16. Rac1 Rad8 17. Ba3 Ne4 18. Bb2 g5 19. Qxd3 Rxd3 20. Rfd1 Rxd1+ 21. Rxd1 f6 22. Rd7 Bf8 23. Nd2 Nxd2 24. Rxd2 Kf7 25. g4 Ke6 26. Kg2 a5 27. a4 Bb4 28. Rd1 h5 29. h3 Rh8 30. Kf3 hxg4+ 31. hxg4 Rh4 32. Bc1 Bd6 33. Rg1 Rh3+ 34. Kg2 Rh4 35. Kf3 c6 36. Bd2 Rh3+ 37. Kg2 Rh7 38. Bc3 Bb4 39. Bxb4 axb4 40. Rd1 Rd7 41. Rxd7 Kxd7 42. Kf3 Kd6 43. Ke4 Ke6 44. c5 bxc5 45. Kd3 Kd6 46. Kc4 e4 47. a5 Kc7 48. Kxc5 Kb7 49. Kxb4 Ka6 50. Ka4 c5 51. b4 cxb4 52. Kxb4 1-0


[Site "https://www.chess.com"]

[Event "Titled Tuesday Blitz August 08 Late 2023"]
[White "Grigoriants, Sergey"]
[Black "Alex_Sahakyan2006"]
[WhiteFideId "4130804"]
[WhiteElo "2894"]
[BlackElo "2717"]
[Result "1-0"]
[Round "10"]
[TimeControl "180+1"]
[Date "2023.08.08"]
[WhiteClock "0:00:06"]
[BlackClock "0:00:00"]
[Board "16"]

1. d4 Nf6 2. c4 c5 3. d5 b5 4. Qc2 b4 5. e4 d6 6. Nf3 g6 7. Be2 Bg7 8. O-O O-O 9. h3 a5 10. Bf4 e5 11. dxe6 Bxe6 12. Rd1 Ra6 13. e5 Nh5 14. Bh2 Nd7 15. g4 dxe5 16. gxh5 Bxh3 17. h6 Bxh6 18. Nbd2 Qe7 19. Nf1 e4 20. Ne1 f5 21. Qb3 Bxf1 22. Bxf1 Ne5 23. Rd5 Ng4 24. Be2 Nxh2 25. Kxh2 Bf4+ 26. Kg1 Qh4 27. Bf3 a4 28. Qd1 Qh2+ 29. Kf1 exf3 30. Qxf3 Re6 31. Nd3 Bh6 32. Nxc5 Re7 33. Rad1 Rfe8 34. Rd8 Qe5 35. Rxe8+ Rxe8 36. Nd7 Qe6 37. c5 Bg7 38. b3 axb3 39. axb3 Rc8 40. Rd6 Qe4 41. Qxe4 fxe4 42. c6 Kf7 43. Nb6 Rc7 44. Nd5 Be5 45. Rd7+ Ke6 46. Nxc7+ 1-0


[Site "https://www.chess.com"]

[Event "Titled Tuesday Blitz August 08 Late 2023"]
[White "Tari, Aryan"]
[Black "Sokolovsky, Yahli"]
[WhiteFideId "1510045"]
[BlackFideId "2820242"]
[WhiteElo "2892"]
[BlackElo "2702"]
[Result "1-0"]
[Round "10"]
[TimeControl "180+1"]
[Date "2023.08.08"]
[WhiteClock "0:01:41"]
[BlackClock "0:00:00"]
[Board "17"]

1. e4 d6 2. d4 g6 3. Nf3 Bg7 4. Bd3 Nc6 5. c3 e5 6. O-O Bg4 7. d5 Nce7 8. Qa4+ Bd7 9. Qb3 Qc8 10. c4 f5 11. c5 dxc5 12. d6 cxd6 13. Ng5 Nh6 14. Bc4 Qc6 15. Bf7+ Kd8 16. Nc3 fxe4 17. Ngxe4 Rf8 18. Bc4 Nhf5 19. Bf4 exf4 20. Rad1 Nd4 21. Qa3 a6 22. b4 b5 23. bxc5 bxc4 24. cxd6 Nc8 25. Qa5+ Qb6 26. Qg5+ Ke8 27. Nd5 Qc6 28. Ndf6+ Bxf6 29. Nxf6+ Kf7 30. Rxd4 Kg7 31. Nh5+ Kg8 32. Nxf4 Nxd6 33. Nxg6 hxg6 34. Qxg6+ 1-0


[Site "https://www.chess.com"]

[Event "Titled Tuesday Blitz August 08 Late 2023"]
[White "Hoang, Thi Bao Tram"]
[Black "Zemlyanskii, Ivan"]
[WhiteFideId "12401102"]
[BlackFideId "24249971"]
[WhiteElo "2684"]
[BlackElo "2878"]
[Result "0-1"]
[Round "10"]
[TimeControl "180+1"]
[Date "2023.08.08"]
[WhiteClock "0:00:00"]
[BlackClock "0:00:07"]
[Board "18"]

1. Nf3 d5 2. g3 Nf6 3. Bg2 c5 4. O-O e6 5. c4 d4 6. e3 Nc6 7. exd4 cxd4 8. d3 Bd6 9. a3 a5 10. b3 O-O 11. Nbd2 e5 12. Nh4 Bg4 13. Bf3 Be6 14. Bg2 Nd7 15. Ne4 Be7 16. Nf3 h6 17. Re1 f5 18. Ned2 Bf6 19. Bb2 Nc5 20. Qc2 Qd7 21. Re2 Rae8 22. Ree1 g5 23. h3 h5 24. Rab1 g4 25. hxg4 hxg4 26. Nh2 Qh7 27. Ba1 Na6 28. Ndf1 Qf7 29. Qd2 Qe7 30. Bd5 Nc7 31. Bg2 Qxa3 32. Qh6 Qe7 33. f3 gxf3 34. Nxf3 Qg7 35. Qxg7+ Kxg7 36. Bh3 Na6 37. Kg2 Nc5 38. Red1 Bc8 39. N1h2 Nxd3 40. Rxd3 e4 41. Rdd1 exf3+ 42. Nxf3 Re2+ 43. Kf1 Re3 44. Nxd4 Nxd4 45. Bxd4 Rxg3 46. Bg2 f4 47. Bf2 Rc3 48. Be4 Bh3+ 49. Ke1 Re8 50. Kd2 Rxe4 51. Rg1+ Kf7 52. Rh1 Bf5 53. Rh5 Bg6 54. Rb5 Re7 55. Rb6 Bxb1 56. Rxf6+ Kxf6 57. Bd4+ Kf7 58. Kxc3 Be4 59. Bc5 f3 60. b4 axb4+ 61. Kxb4 Re6 62. Kb5 Bc6+ 63. Kb6 Re2 64. Bd4 f2 65. c5 f1=Q 66. Ka7 Ke6 67. Kb8 Kd5 68. Be5 Rxe5 69. Kc7 Kxc5 0-1


[Site "https://www.chess.com"]

[Event "Titled Tuesday Blitz August 08 Late 2023"]
[White "Pantev, Veselin"]
[Black "Ibarra Jerez, Jose Carlos"]
[WhiteFideId "2901390"]
[BlackFideId "2226332"]
[WhiteElo "2623"]
[BlackElo "2855"]
[Result "0-1"]
[Round "10"]
[TimeControl "180+1"]
[Date "2023.08.08"]
[WhiteClock "0:00:08"]
[BlackClock "0:00:03"]
[Board "19"]

1. d4 Nf6 2. Nf3 g6 3. Bf4 Bg7 4. e3 d6 5. Be2 O-O 6. O-O c5 7. dxc5 Nh5 8. c3 Nxf4 9. exf4 dxc5 10. Nbd2 Qc7 11. g3 Rd8 12. Qb3 Nc6 13. Nc4 Be6 14. Qc2 Bf5 15. Qb3 Be6 16. Qc2 b5 17. Ne3 Rab8 18. Rfd1 c4 19. Ng5 Bd7 20. Rd2 e6 21. Rad1 Be8 22. a3 Bf8 23. h4 Be7 24. Nf3 Bf6 25. h5 Ne7 26. Ng4 Bg7 27. h6 Bh8 28. Nd4 a5 29. Qe4 Nf5 30. Bf3 Nxd4 31. Rxd4 Rxd4 32. Rxd4 Qe7 33. Ne5 Qf8 34. Ng4 b4 35. axb4 axb4 36. Rxc4 bxc3 37. bxc3 f5 38. Qxe6+ Bf7 39. Qc6 fxg4 40. Bd5 Bxd5 41. Qxd5+ Qf7 42. Qd6 Rb1+ 43. Kh2 Qxc4 44. Qd8+ Kf7 45. Qd7+ Kf6 46. Qd6+ Kf5 47. Qd7+ Qe6 48. Qd3+ Qe4 49. Qd7+ Kf6 50. Qd6+ Kf7 51. Qd7+ Kf8 52. Qd8+ Qe8 53. Qd6+ Qe7 54. Qd3 Re1 55. c4 Bf6 56. c5 Qxc5 57. Qd7 Qxf2# 0-1


[Site "https://www.chess.com"]

[Event "Titled Tuesday Blitz August 08 Late 2023"]
[White "Rustemov, Alexander"]
[Black "Hua, Lefong"]
[WhiteFideId "4119002"]
[BlackFideId "2602253"]
[WhiteElo "2842"]
[BlackElo "2657"]
[Result "1-0"]
[Round "10"]
[TimeControl "180+1"]
[Date "2023.08.08"]
[WhiteClock "0:00:09"]
[BlackClock "0:00:05"]
[Board "20"]

1. d4 Nf6 2. c4 c5 3. d5 e6 4. Nc3 exd5 5. cxd5 d6 6. e4 g6 7. h3 Bg7 8. Bd3 a6 9. a4 Nbd7 10. Nf3 Nh5 11. Bg5 Bf6 12. Bh6 Ne5 13. Be2 Nxf3+ 14. Bxf3 Ng7 15. Qd2 O-O 16. O-O Be5 17. Bf4 Qe7 18. a5 Bd7 19. Rfe1 Rfe8 20. Bxe5 Qxe5 21. Re3 Rab8 22. Be2 Qd4 23. Rd3 Qb4 24. Qf4 c4 25. Rd2 Rbc8 26. Ra3 f5 27. f3 Qc5+ 28. Kh2 Nh5 29. Qg5 f4 30. Qh4 Rf8 31. Qe1 Ng3 32. Qg1 Qc7 33. Qb6 Qxb6 34. axb6 Rc5 35. Kg1 Nh5 36. Kf2 Nf6 37. h4 Rfc8 38. g3 fxg3+ 39. Kxg3 Nh5+ 40. Kf2 Nf4 41. Bf1 Kg7 42. Ke3 Rf8 43. Rd4 Bh3 44. Bxc4 Ng2+ 45. Kf2 Nxh4 46. Be2 Bd7 47. b4 Rcc8 48. b5 axb5 49. Nxb5 Bxb5 50. Bxb5 Rf7 51. Kg3 g5 52. Rc4 Rxc4 53. Bxc4 Ng6 54. Ra7 Ne5 55. Be2 h5 56. Ra8 h4+ 57. Kg2 Ng6 58. Rd8 Nf4+ 59. Kf2 Nxe2 60. Kxe2 Kf6 61. Rxd6+ Ke5 62. Re6+ Kf4 63. d6 h3 64. Re7 Rf6 65. e5 Rf8 66. d7 h2 67. Re8 h1=Q 68. Rxf8+ Kg3 69. d8=Q Qg2+ 70. Kd3 Qf1+ 71. Kd4 Qd1+ 72. Kc5 Qc2+ 73. Kd6 Qc6+ 74. Ke7 Qc5+ 75. Qd6 Qb5 76. e6+ Kg2 77. Kf7 Qf5+ 78. Kg7 Qc2 79. e7 g4 80. fxg4 Kg1 81. Qf6 Qf2 82. Qxf2+ Kh1 83. Qf1+ Kh2 84. Rf2+ Kg3 85. Qg2+ Kh4 86. Qh2+ Kg5 87. Qf4+ Kh4 88. Rh2# 1-0


[Site "https://www.chess.com"]

[Event "Titled Tuesday Blitz August 08 Late 2023"]
[White "Ashraf, Artin"]
[Black "Vlassov, Nikolai"]
[WhiteFideId "22514805"]
[BlackFideId "4103360"]
[WhiteElo "2827"]
[BlackElo "2597"]
[Result "0-1"]
[Round "10"]
[TimeControl "180+1"]
[Date "2023.08.08"]
[WhiteClock "0:00:00"]
[BlackClock "0:00:43"]
[Board "21"]

1. e4 Nc6 2. Nf3 d5 3. exd5 Qxd5 4. Nc3 Qa5 5. d4 Bg4 6. d5 O-O-O 7. Bd2 Nb4 8. Bc4 Bxf3 9. Qxf3 Nxc2+ 10. Kd1 Nxa1 11. Nb5 Qa4+ 12. b3 Qxa2 13. Ke2 Nf6 14. Rc1 e5 15. Kd1 Bd6 16. Bc3 Nxb3 17. Ra1 Qxa1+ 18. Bxa1 Nxa1 19. Qh3+ Kb8 20. Qe3 b6 21. Qc1 Bc5 22. Qxa1 a5 23. Qa2 Rd7 24. Ke2 Rhd8 25. Nc3 Bb4 26. Nb5 c6 0-1


[Site "https://www.chess.com"]

[Event "Titled Tuesday Blitz August 08 Late 2023"]
[White "Haydon, David L"]
[Black "Musovic, Armin"]
[WhiteFideId "415405"]
[BlackFideId "939935"]
[WhiteElo "2779"]
[BlackElo "2595"]
[Result "1-0"]
[Round "10"]
[TimeControl "180+1"]
[Date "2023.08.08"]
[WhiteClock "0:00:17"]
[BlackClock "0:00:05"]
[Board "22"]

1. d4 d5 2. Nc3 c5 3. e4 dxe4 4. d5 a6 5. Nxe4 Nf6 6. Nxf6+ exf6 7. Nf3 Bd6 8. Be2 O-O 9. O-O Re8 10. c4 Bg4 11. h3 Bh5 12. Nd4 Bg6 13. Nf3 Nd7 14. Be3 Rc8 15. Nh4 Be4 16. Qd2 Nf8 17. Rac1 Bb8 18. Rfe1 Qd6 19. g3 Ng6 20. Nxg6 hxg6 21. Bf4 Qd7 22. Bg4 Bf5 23. Bxf5 Qxf5 24. Bxb8 Rxb8 25. Kg2 b5 26. b3 bxc4 27. bxc4 Re4 28. Re3 Qe5 29. Rce1 f5 30. Rxe4 fxe4 31. Qe3 f5 32. Qxc5 g5 33. Qe3 Rc8 34. Qxg5 Rxc4 35. Rd1 Rc2 36. Rd2 Rc8 37. d6 e3 38. d7 Rf8 39. fxe3 Qe4+ 40. Kh2 Qb4 41. d8=Q Rxd8 42. Qxd8+ Kh7 43. Qd4 Qa3 44. Qh4+ Kg8 45. Rd8+ Kf7 46. Qc4+ Kg6 47. Qe6+ Kh7 48. Qxf5+ Kh6 49. Rh8# 1-0


[Site "https://www.chess.com"]

[Event "Titled Tuesday Blitz August 08 Late 2023"]
[White "Sun, Rick"]
[Black "Hambleton, Aman"]
[WhiteFideId "30909481"]
[BlackFideId "2606577"]
[WhiteElo "2613"]
[BlackElo "2769"]
[Result "1-0"]
[Round "10"]
[TimeControl "180+1"]
[Date "2023.08.08"]
[WhiteClock "0:00:08"]
[BlackClock "0:00:00"]
[Board "23"]

1. e4 b6 2. d4 Bb7 3. Nc3 e6 4. Nf3 Bb4 5. Bd3 Nf6 6. Qe2 d5 7. e5 Ne4 8. Bd2 Bxc3 9. bxc3 Nc6 10. O-O h6 11. c4 Nxd2 12. Qxd2 dxc4 13. Bxc4 Qd7 14. c3 Na5 15. Be2 Rc8 16. Rfd1 c5 17. Qf4 cxd4 18. Nxd4 Qe7 19. Bb5+ Nc6 20. Nxc6 Bxc6 21. Qa4 Qc5 22. Bxc6+ Qxc6 23. Qxa7 O-O 24. Rab1 Qxc3 25. Qxb6 Ra8 26. Qb2 Qa5 27. Ra1 Rfb8 28. Qe2 Qa3 29. h4 Rb4 30. Rd3 Qa4 31. Qf3 Rab8 32. Rad1 1-0


[Site "https://www.chess.com"]

[Event "Titled Tuesday Blitz August 08 Late 2023"]
[White "Nazari, Arad"]
[Black "Hnydiuk, Aleksander"]
[WhiteFideId "12577324"]
[BlackFideId "1109057"]
[WhiteElo "2764"]
[BlackElo "2566"]
[Result "1-0"]
[Round "10"]
[TimeControl "180+1"]
[Date "2023.08.08"]
[WhiteClock "0:00:20"]
[BlackClock "0:00:00"]
[Board "24"]

1. e4 e5 2. f4 exf4 3. Nf3 d5 4. exd5 Nf6 5. Bb5+ Bd7 6. Bxd7+ Qxd7 7. O-O Nxd5 8. c4 Nf6 9. d4 Be7 10. Bxf4 O-O 11. Nc3 Bd6 12. Ne5 Bxe5 13. Bxe5 Ng4 14. Bf4 Nc6 15. h3 Nf6 16. d5 Nb4 17. a3 Na6 18. Be5 Ne8 19. Qd4 f6 20. Bg3 Nd6 21. Bxd6 cxd6 22. Rae1 b6 23. b4 Rfe8 24. Qf4 Nc7 25. Ne4 Re5 26. Qg3 Kh8 27. Nd2 Rae8 28. Nf3 Rxe1 29. Rxe1 Rxe1+ 30. Qxe1 b5 31. Qe3 bxc4 32. Qxa7 h6 33. b5 Qe7 34. b6 Qe3+ 35. Kh1 Nxd5 36. Qa8+ Kh7 37. Qxd5 Qxb6 38. Qxc4 Qa5 39. Qd3+ Kh8 40. Kh2 1-0


[Site "https://www.chess.com"]

[Event "Titled Tuesday Blitz August 08 Late 2023"]
[White "Mekhitarian, Krikor Sevag"]
[Black "Ibadov, Dashgyn"]
[WhiteFideId "2107660"]
[BlackFideId "24107514"]
[WhiteElo "2755"]
[BlackElo "2536"]
[Result "1-0"]
[Round "10"]
[TimeControl "180+1"]
[Date "2023.08.08"]
[WhiteClock "0:00:12"]
[BlackClock "0:00:00"]
[Board "25"]

1. Nf3 d5 2. c4 d4 3. b4 Bg4 4. g3 Bxf3 5. exf3 e5 6. Bg2 Bxb4 7. f4 Nc6 8. O-O exf4 9. Qb3 Nge7 10. a3 Bd6 11. Qxb7 Rb8 12. Qa6 Qd7 13. d3 O-O 14. Nd2 Ne5 15. c5 Bxc5 16. Ne4 Bb6 17. Bxf4 N7g6 18. Bd2 f5 19. Ng5 f4 20. Rfe1 f3 21. Bh3 Qd6 22. Qa4 h6 23. Ne6 Rfe8 24. Nf4 Nxf4 25. Bxf4 Kh8 26. Re4 Nc6 27. Rxe8+ Rxe8 28. Bxd6 1-0


[Site "https://www.chess.com"]

[Event "Titled Tuesday Blitz August 08 Late 2023"]
[White "carokannlover213"]
[Black "Grinev, Valeriy"]
[BlackFideId "14117517"]
[WhiteElo "2733"]
[BlackElo "2531"]
[Result "1-0"]
[Round "10"]
[TimeControl "180+1"]
[Date "2023.08.08"]
[WhiteClock "0:01:44"]
[BlackClock "0:01:32"]
[Board "26"]

1. e4 c5 2. Nf3 Nc6 3. Nc3 Nf6 4. Bb5 d6 5. e5 Ng8 6. O-O e6 7. exd6 Bxd6 8. d4 Bd7 9. Ne4 Be7 10. dxc5 a6 11. Ba4 Qa5 12. c3 Rd8 13. Bf4 e5 14. b4 Qc7 15. Nd6+ Kf8 16. Nxe5 Nxe5 17. Bxe5 Bxa4 18. Qxa4 Nf6 19. Nxf7 Qd7 20. Qxd7 Rxd7 21. Nxh8 Kg8 22. Rad1 Kxh8 23. Bxf6 Rxd1 24. Rxd1 Bxf6 25. Rd7 b6 26. cxb6 h5 27. b7 Bxc3 28. b8=Q+ 1-0


[Site "https://www.chess.com"]

[Event "Titled Tuesday Blitz August 08 Late 2023"]
[White "Do Valle Cardoso, Lucas"]
[Black "Toncheva, Nadya"]
[WhiteFideId "2163144"]
[BlackFideId "2924056"]
[WhiteElo "2733"]
[BlackElo "2525"]
[Result "1-0"]
[Round "10"]
[TimeControl "180+1"]
[Date "2023.08.08"]
[WhiteClock "0:00:13"]
[BlackClock "0:00:00"]
[Board "27"]

1. e4 c5 2. Nf3 Nc6 3. Nc3 e6 4. d4 cxd4 5. Nxd4 Qc7 6. Be2 a6 7. Nxc6 bxc6 8. Qd3 Nf6 9. Qg3 Qxg3 10. hxg3 d5 11. g4 Nxe4 12. Nxe4 dxe4 13. Be3 Bd6 14. O-O-O Ke7 15. g5 Bb7 16. Rh4 c5 17. Rdh1 Rhc8 18. Rxh7 Be5 19. R1h5 g6 20. R5h6 Kf8 21. c3 Bd5 22. a3 Kg8 23. Rh1 a5 24. R7h4 Rab8 25. Bd1 Rb7 26. Bf4 Bg7 27. Re1 e5 28. Be3 Rcb8 29. Re2 Bf8 30. Rd2 Bc4 31. Rxe4 Be6 32. Rxe5 c4 33. Rxa5 Be7 34. g3 Rb5 35. Rxb5 Rxb5 36. Ba4 Ra5 37. Bd7 Bd5 38. Bb6 1-0


[Site "https://www.chess.com"]

[Event "Titled Tuesday Blitz August 08 Late 2023"]
[White "Prohaszka, Peter"]
[Black "GaiozNigalidze"]
[WhiteFideId "726265"]
[WhiteElo "2720"]
[BlackElo "2466"]
[Result "0-1"]
[Round "10"]
[TimeControl "180+1"]
[Date "2023.08.08"]
[WhiteClock "0:00:00"]
[BlackClock "0:00:08"]
[Board "28"]

1. d4 Nf6 2. Nf3 c5 3. c3 d5 4. Bf4 e6 5. e3 Nc6 6. Nbd2 cxd4 7. exd4 Nh5 8. Be3 Bd6 9. Bb5 Nf4 10. O-O Ng6 11. Re1 O-O 12. Rc1 Bd7 13. Ba4 a6 14. a3 b5 15. Bc2 f5 16. Nf1 h6 17. Bd3 Nf4 18. Bb1 g5 19. b4 g4 20. N3d2 Qh4 21. Bxf4 Bxf4 22. g3 Qg5 23. gxf4 Qxf4 24. Nb3 Rae8 25. Nc5 Bc8 26. Qd2 Qg5 27. Qxg5+ hxg5 28. Ne3 Kg7 29. Re2 e5 30. Rd1 exd4 31. Nxf5+ Bxf5 32. Rxe8 Rxe8 33. Bxf5 dxc3 34. Rxd5 Re1+ 35. Kg2 Ne5 36. h3 gxh3+ 37. Kxh3 Kf6 38. Be4 Re2 39. Rd6+ Kf7 40. Bd5+ Kg7 41. Nb3 c2 42. Re6 Nd3 43. Rxe2 Nf4+ 44. Kg4 Nxe2 45. Kxg5 c1=Q+ 46. Nxc1 Nxc1 47. Bb7 Ne2 48. f4 Nc3 49. f5 Nb1 50. Bxa6 Nxa3 51. f6+ Kf8 0-1


[Site "https://www.chess.com"]

[Event "Titled Tuesday Blitz August 08 Late 2023"]
[White "Troff, Kayden"]
[Black "Hristodoulou, Panagiotis"]
[WhiteFideId "2047896"]
[BlackFideId "4214340"]
[WhiteElo "2778"]
[BlackElo "2515"]
[Result "1-0"]
[Round "10"]
[TimeControl "180+1"]
[Date "2023.08.08"]
[WhiteClock "0:00:17"]
[BlackClock "0:00:00"]
[Board "29"]

1. d4 g6 2. Nf3 Bg7 3. Bg5 d6 4. e3 h6 5. Bh4 Nd7 6. Nbd2 b6 7. a4 a6 8. c3 Bb7 9. Bc4 g5 10. Bg3 e6 11. Qb3 Ne7 12. h3 O-O 13. O-O Kh8 14. Rad1 Qe8 15. Rfe1 e5 16. dxe5 Nxe5 17. e4 N7g6 18. Nd4 Nxc4 19. Nxc4 Ne5 20. Nf5 Kh7 21. Ncxd6 cxd6 22. Rxd6 Ng6 23. Rxb6 Bc6 24. a5 Bd7 25. Nd6 Qe6 26. Qb4 Qa2 27. Nf5 Bxf5 28. exf5 Nf4 29. Bxf4 gxf4 30. Qxf4 Rfe8 31. Rd1 Be5 32. Qxh6+ Kg8 33. Rb4 f6 34. Rg4+ 1-0


[Site "https://www.chess.com"]

[Event "Titled Tuesday Blitz August 08 Late 2023"]
[White "Tristan, Leonardo"]
[Black "Sreyas Payyappat"]
[WhiteFideId "113816"]
[BlackFideId "46674969"]
[WhiteElo "2774"]
[BlackElo "2539"]
[Result "0-1"]
[Round "10"]
[TimeControl "180+1"]
[Date "2023.08.08"]
[WhiteClock "0:00:00"]
[BlackClock "0:00:29"]
[Board "30"]

1. d4 Nf6 2. Nf3 c5 3. c3 e6 4. Bf4 Nc6 5. e3 Nh5 6. Bg5 Qb6 7. Qb3 h6 8. Bh4 g5 9. Bg3 Nxg3 10. hxg3 Bg7 11. Nbd2 d5 12. Be2 c4 13. Qc2 Qc7 14. e4 b5 15. O-O Bb7 16. Rfe1 O-O-O 17. exd5 Rxd5 18. Ne4 g4 19. Nfd2 h5 20. a4 h4 21. axb5 hxg3 22. bxc6 gxf2+ 23. Nxf2 Qh2+ 24. Kf1 Bxc6 25. Bxg4 Rg5 26. Bf3 Rxg2 27. Nde4 Bxe4 28. Bxe4 Qg1+ 29. Ke2 Qxf2+ 30. Kd1 Qxc2+ 31. Bxc2 Rhh2 32. Be4 Rd2+ 33. Kc1 Bh6 34. Rxa7 Rxb2+ 35. Kd1 Rbd2+ 36. Kc1 Ra2+ 0-1


[Site "https://www.chess.com"]

[Event "Titled Tuesday Blitz August 08 Late 2023"]
[White "Kobo, Ori"]
[Black "ElDivis"]
[WhiteFideId "2812320"]
[WhiteElo "2732"]
[BlackElo "2531"]
[Result "1-0"]
[Round "10"]
[TimeControl "180+1"]
[Date "2023.08.08"]
[WhiteClock "0:00:17"]
[BlackClock "0:00:27"]
[Board "31"]

1. e4 c5 2. Nc3 Nc6 3. Bb5 Nd4 4. Nf3 a6 5. Bd3 Nc6 6. O-O e6 7. b3 g6 8. e5 d5 9. exd6 Bg7 10. Ba3 b6 11. Be4 Bb7 12. d4 Qxd6 13. Qc1 f5 14. dxc5 bxc5 15. Rd1 Qe7 16. Bxc6+ Bxc6 17. Qe3 Bxf3 18. Qxf3 Rc8 19. Re1 Nf6 20. Qe2 Kf7 21. Na4 Ne4 22. Rad1 Bd4 23. Rxd4 Rhd8 24. Rxe4 fxe4 25. Qxe4 Qf6 26. Bb2 Qf5 27. Qe3 Qxc2 28. Qe5 Qf5 29. Qg7+ Ke8 30. Nb6 Rc6 31. Qg8+ Qf8 32. Rxe6+ Rxe6 33. Qxe6+ Qe7 34. Qxe7+ Kxe7 35. g3 Rd2 36. Nc4 Rc2 37. Kg2 a5 38. a4 Ke6 39. Kf3 h5 40. Ke3 h4 41. gxh4 Kf5 42. h3 g5 43. hxg5 Kxg5 44. f4+ Kf5 45. Kf3 Rh2 46. Ne3+ Ke6 47. Bc3 Rxh3+ 48. Ke4 c4 49. bxc4 Rh5 50. f5+ Kd7 51. Bxa5 Rh4+ 52. Ke5 Rh3 53. Bb6 Kc6 54. a5 Rh1 55. f6 Rh5+ 56. Ke6 Rh8 57. f7 1-0


[Site "https://www.chess.com"]

[Event "Titled Tuesday Blitz August 08 Late 2023"]
[White "Matinian, Nikita"]
[Black "chess123456s"]
[WhiteFideId "24129100"]
[WhiteElo "2691"]
[BlackElo "2527"]
[Result "1-0"]
[Round "10"]
[TimeControl "180+1"]
[Date "2023.08.08"]
[WhiteClock "0:00:23"]
[BlackClock "0:00:54"]
[Board "32"]

1. e4 c5 2. Nf3 d6 3. d4 cxd4 4. Nxd4 Nf6 5. Nc3 g6 6. Be2 Bg7 7. Be3 O-O 8. Qd2 Nc6 9. O-O-O a6 10. h4 Nxd4 11. Bxd4 b5 12. h5 b4 13. Nd5 Nxe4 14. Qe3 e5 15. Bb6 Qg5 16. Qxg5 Nxg5 17. Ne7+ Kh8 18. hxg6 h6 19. Be3 f6 20. Rxd6 Re8 21. Nd5 Ra7 22. Bxa7 Ne4 23. Rxa6 Bxa6 24. Bxa6 Ra8 25. Bd3 Rxa7 26. Bxe4 Rxa2 27. Kb1 Ra4 28. b3 Ra7 29. Ne3 Kg8 30. Nf5 Kf8 31. Rd1 Ra8 32. Rd7 Bh8 33. Rf7+ Ke8 34. Rh7 1-0


[Site "https://www.chess.com"]

[Event "Titled Tuesday Blitz August 08 Late 2023"]
[White "Reprintsev, Alexander"]
[Black "Di Berardino, Diego Rafael"]
[WhiteFideId "14100541"]
[BlackFideId "2105446"]
[WhiteElo "2511"]
[BlackElo "2611"]
[Result "0-1"]
[Round "10"]
[TimeControl "180+1"]
[Date "2023.08.08"]
[WhiteClock "0:00:38"]
[BlackClock "0:00:09"]
[Board "33"]

1. e4 c5 2. b3 g6 3. Bb2 Nf6 4. e5 Nd5 5. Nc3 Nb4 6. Ne4 Bg7 7. Nf3 O-O 8. Nxc5 Qc7 9. a3 Nxc2+ 10. Qxc2 b6 11. Qe4 bxc5 12. Qxa8 Nc6 13. Rc1 Bb7 14. Qxf8+ Kxf8 15. Rxc5 Qb6 16. b4 a6 17. Bc3 d6 18. exd6 exd6 19. Bxg7+ Kxg7 20. Rc3 a5 21. Be2 axb4 22. axb4 Nxb4 23. O-O Nd5 24. Ra3 Nf4 25. Bd1 Be4 26. Re1 d5 27. Rae3 Qb4 28. g3 Nh3+ 29. Kf1 Qb5+ 30. Be2 Qb2 31. d3 Bxf3 32. Bxf3 Qxf2# 0-1


[Site "https://www.chess.com"]

[Event "Titled Tuesday Blitz August 08 Late 2023"]
[White "Bilan, Danila"]
[Black "Osmak, Yuliia"]
[WhiteFideId "24161918"]
[BlackFideId "14101602"]
[WhiteElo "2601"]
[BlackElo "2510"]
[Result "0-1"]
[Round "10"]
[TimeControl "180+1"]
[Date "2023.08.08"]
[WhiteClock "0:00:00"]
[BlackClock "0:00:45"]
[Board "34"]

1. d4 Nf6 2. Nf3 e6 3. g3 c5 4. Bg2 cxd4 5. Nxd4 d5 6. O-O e5 7. Nf3 Nc6 8. c4 d4 9. e3 Be7 10. exd4 exd4 11. h3 O-O 12. b3 Bf5 13. Bb2 d3 14. Nc3 Qd7 15. Kh2 h6 16. Re1 Rad8 17. Ne5 Nxe5 18. Rxe5 Bd6 19. Re1 h5 20. Nb5 Bb4 21. Bc3 Bxc3 22. Nxc3 h4 23. Qd2 hxg3+ 24. fxg3 Qd4 25. Nb5 Qc5 26. Rad1 Rfe8 27. Nc3 b6 28. Nd5 Nxd5 29. Bxd5 Qd4 30. Qf4 Qxf4 31. gxf4 Kf8 32. Kg3 Rd6 33. Kf2 Rh6 34. Rxe8+ Kxe8 0-1


[Site "https://www.chess.com"]